 Dungeon Crawl Stone Soup version 0.30-a0-782-ge64f9170bb (webtiles) character file.

Game seed: 11842057998005317895

1437 funkygono the Cleaver (level 8, -1/70 HPs)
             Began as a Minotaur Fighter on Mar 16, 2023.
             Was a Believer of Okawaru.
             Succumbed to a killer bee's poison
             ... on level 9 of the Dungeon.
             The game lasted 00:07:41 (4920 turns).

funkygono the Cleaver (Minotaur Fighter)            Turns: 4920, Time: 00:07:41

Health: -1/70      AC: 14    Str: 27 (30) XL:     8   Next: 45%
Magic:  7/7        EV:  9    Int:  2 (5)  God:    Okawaru [**....]
Gold:   271        SH:  4    Dex:  8 (9)  Spells: 7/7 levels left

rFire   . . .      SeeInvis .    a - +1 war axe
rCold   . . .      Faith    .    c - +0 buckler
rNeg    . . .      Spirit   .    b - +3 chain mail
rPois   .          Reflect  .    (helmet restricted)
rElec   .          Harm     .    x - +0 cloak
rCorr   .          Rampage  .    (no gloves)
Will    .....                    (no boots) Stlth
                                 k - amulet of magic regeneration
HPRegen 0.31/turn                h - +6 ring of strength
MPRegen 0.50/turn                (no ring)

@: lethally poisoned (-1 -> -8)
A: horns 2, retaliatory headbutt
a: Renounce Religion, Heroism


You were on level 9 of the Dungeon.
You worshipped Okawaru.
Okawaru was pleased with you.
You visited 1 branch of the dungeon, and saw 7 of its levels.

You collected 271 gold pieces.

Inventory:

Hand Weapons
 a - a +1 war axe (weapon)
 v - a +0 rapier
Missiles
 g - 5 poisoned darts (quivered)
 i - 8 javelins
Armour
 b - a +3 chain mail (worn)
 c - a +0 buckler (worn)
 x - a +0 cloak (worn)
Jewellery
 h - a +6 ring of strength (left hand)
 k - an amulet of magic regeneration (around neck)
Wands
 p - a wand of roots (8)
Scrolls
 f - 4 scrolls of teleportation
 j - 3 scrolls of immolation
 m - 2 scrolls of vulnerability
Potions
 d - 2 potions of might
 e - a potion of degeneration
 l - a potion of mutation {unknown}
 n - a potion of resistance {unknown}
 o - a potion of cancellation {unknown}
 q - a potion of attraction {unknown}
 r - a potion of haste {unknown}
 t - 2 potions of brilliance


   Skills:
 + Level 5.9 Fighting
 + Level 8.9 Axes
 + Level 7.3 Armour
 + Level 2.6 Dodging
 + Level 0.4 Stealth
 + Level 4.9 Shields


You had 7 spell levels left.
You didn't know any spells.
Your spell library contained the following spells:

 Spells                   Type           Power      Damage    Failure   Level
 Magic Dart               Conj           0%         1d3       99%         1
 Shock                    Conj/Air       0%         1d3       99%         1
 Hailstorm                Conj/Ice       0%         3d3       100%        3
 Mephitic Cloud           Conj/Pois/Air  0%         N/A       100%        3
 Portal Projectile        Hex/Tloc       0%         N/A       100%        3
 Swiftness                Air            0%         N/A       100%        3
 Airstrike                Air            0%         2d(0-16)  100%        4
 Ice Form                 Ice/Tmut       0%         N/A       100%        4
 Blade Hands              Tmut           0%         N/A       100%        5
 Call Imp                 Summ           Unusable   N/A       N/A         2
 Tukima's Dance           Hex            Unusable   N/A       N/A         3
 Simulacrum               Ice/Necr       Unusable   N/A       N/A         6

Dungeon Overview and Level Annotations

Branches:
Dungeon (6/15)             Temple (0/1) D:6

Altars:
Fedhas
Kikubaaqudgha
Okawaru


Innate Abilities, Weirdness & Mutations

You have a pair of horns on your head.
You reflexively headbutt those who attack you in melee.


Message History

The killer bee poisons you!
You feel very sick.
The killer bee stings you but does no damage.
You feel sick.
The killer bee stings you but does no damage.
You miss the killer bee.
You feel sick.
The killer bee stings you but does no damage.
The killer bee stings you.
* * * LOW HITPOINT WARNING * * *
A killer bee comes into view.
The killer bee closely misses you.
The killer bee buzzes angrily.
You hit the killer bee.
The killer bee is moderately wounded.
You feel sick. You block the killer bee's attack.
The killer bee stings you but does no damage.
You hit the killer bee but do no damage.
The killer bee is moderately wounded.
You feel sick. The killer bee misses you. The killer bee stings you.
* * * LOW HITPOINT WARNING * * *
You are lethally poisoned!
The killer bee poisons you!
You hit the killer bee but do no damage.
You headbutt the killer bee.
The killer bee is severely wounded.
You are no longer corroded.
* * * LOW HITPOINT WARNING * * *
You feel very sick. You block the killer bee's attack.
The killer bee stings you but does no damage.
A killer bee comes into view. x2
The killer bee stings you but does no damage.
The killer bee stings you.
* * * LOW HITPOINT WARNING * * *
The killer bee moves out of view.
A killer bee comes into view.
It was a potion of degeneration.
There was something very wrong with that liquid.
You feel weakened.
You feel dopey.
You feel clumsy.
You die...

.##........~....
#.............
#.#.#.......## ..
#.#.#+########
#####.#.#........#
........#........#
....###..........#
.... ##....~....#
... #....~...@#
... ##....~.yy# ..
#...~~~..# .(
#........#
#........#
#........#
#........#
#.#####?yy. #.
..y....


You could see 4 killer bees.

Vanquished Creatures
  A wyvern (D:5)
  An acid dragon (D:9)
  An orc warrior (D:6)
  A black bear (D:5)
  2 phantoms
  A scorpion (D:4)
  A howler monkey (D:5)
  A vampire bat (D:3)
  3 orc priests
  2 jellies
  Crazy Yiuf (D:5)
  A hound (D:5)
  4 iguanas
  3 orc wizards
  11 gnolls
  10 adders
  A white imp (D:5)
  2 worms (D:2)
  2 dart slugs
  11 orcs
  8 ball pythons
  2 bat skeletons (D:3)
  4 bat zombies (D:3)
  9 endoplasms
  7 giant cockroaches
  5 goblins
  7 hobgoblins
  7 jackals
  4 kobolds
  5 quokkas
  11 bats
  2 frilled lizards (D:2)
  5 rats
136 creatures vanquished.

Notes
Turn   | Place    | Note
-------+----------+-------------------------------------------
     0 | D:1      | funkygono the Minotaur Fighter began the quest for the Orb.
     0 | D:1      | Reached XP level 1. HP: 19/19 MP: 0/0
   181 | D:1      | Reached XP level 2. HP: 26/27 MP: 1/1
   463 | D:1      | Reached skill level 3 in Axes
   469 | D:1      | Reached XP level 3. HP: 33/33 MP: 2/2
  1010 | D:2      | Found a faded altar of an unknown god.
  1099 | D:2      | Reached skill level 4 in Axes
  1099 | D:2      | Reached XP level 4. HP: 35/40 MP: 3/3
  1218 | D:2      | Reached skill level 1 in Dodging
  1477 | D:2      | Identified the +1 dagger of Dony {heavy, Str+2}
  1792 | D:3      | Reached XP level 5. HP: 43/47 MP: 4/4
  2195 | D:3      | Found an ancient bone altar of Kikubaaqudgha.
  2198 | D:3      | Reached skill level 5 in Axes
  2472 | D:3      | Reached skill level 5 in Armour
  2622 | D:3      | Found an iron altar of Okawaru.
  2626 | D:3      | Became a worshipper of Warmaster Okawaru
  2860 | D:4      | Reached XP level 6. HP: 52/53 MP: 5/5
  3201 | D:4      | Reached skill level 6 in Axes
  3303 | D:5      | Entered Level 5 of the Dungeon
  3312 | D:5      | Reached XP level 7. HP: 20/60 MP: 6/6
  3317 | D:4      | Reached * piety under Okawaru
  3318 | D:4      | Reached skill level 5 in Fighting
  3579 | D:5      | Reached skill level 7 in Axes
  3747 | D:5      | Noticed a wyvern
  3756 | D:5      | Killed a wyvern
  4187 | D:5      | Reached skill level 8 in Axes
  4187 | D:5      | Reached XP level 8. HP: 52/69 MP: 7/7
  4445 | D:5      | Found a runed translucent door.
  4446 | D:5      | Noticed Crazy Yiuf
  4452 | D:5      | Killed Crazy Yiuf
  4721 | D:6      | Reached ** piety under Okawaru
  4843 | D:6      | Found a staircase to the Ecumenical Temple.
  4862 | D:6      | You fall into a shaft and drop 3 floors!
  4862 | D:9      | Found a blossoming altar of Fedhas.
  4919 | D:9      | HP: 1/70 [killer bee (3)]
  4920 | D:9      | Succumbed to a killer bee's poison

Illustrated notes

Levels and vault maps discovered:
D:1:      onia_arrival_mini_spirals, layout_rooms, minmay_quantized
D:2:      layout_basic, hellmonk_ecumenical_altar_dog_temple,
          lightli_corner_chamber
D:3:      layout_basic, kennysheep_vampire_church, marbit_many_paths,
          dk_noncrumbling_4
D:4:      layout_cave_pools
D:5:      layout_cave_pools, uniq_crazy_yiuf_cottage
D:6:      layout_gridville, minmay_temple_entry_crystal_x,
          hangedman_decor_points
D:9:      layout_basic, fedhas_altar_2

Skill      XL: |  1  2  3  4  5  6  7  8 |
---------------+-------------------------+-----
Armour         | 4 5 6 7 |  7.3
Fighting       | 4 5 |  5.9
Axes           | 3 4 5 6 8 |  8.9
Shields        | 4 |  4.9
Dodging        | 1 2 |  2.6
Stealth        | |  0.4

Action                     |  1- 3 |  4- 6 |  7- 9 || total
---------------------------+-------+-------+-------++-------
  Melee: War axe           |    96 |   122 |    95 ||   313
         Headbutt          |    10 |    17 |    20 ||    47
    Use: Scroll            |       |       |     7 ||     7
         Potion            |       |       |     1 ||     1
 Armour: Scale mail        |    48 |    57 |    13 ||   118
         Chain mail        |       |       |    19 ||    19
  Dodge: Dodged            |    56 |    71 |    45 ||   172
  Block: Buckler           |    36 |    35 |    21 ||    92

Table legend: (Time is in decaauts)
 A = Elapsed time spent in this place.
 B = Non-inter-level travel time spent in this place.
 C = Inter-level travel time spent in this place.
 D = Time resting spent in this place.
 E = Time spent auto-exploring this place.
 F = Levels seen in this place.
 G = Mean time per level.
                   A        B        C        D        E       F      G
               +--------+--------+--------+--------+--------+-----+--------+
         Total |   5004 |   4895 |    109 |    205 |   3671 |   7 |  714.9 |
       Dungeon |   5004 |   4895 |    109 |    205 |   3671 |   7 |  714.9 |
               +--------+--------+--------+--------+--------+-----+--------+

Top non-repeatable levels by time:
     D:5: 1162 daAuts
     D:2: 1121 daAuts
     D:3: 993 daAuts
     D:4: 705 daAuts
     D:1: 695 daAuts
     D:6: 267 daAuts
     D:9: 58 daAuts
